 Dungeon Crawl Stone Soup version 0.24-a0-715-g0b739ee41d (webtiles) character file.

Game seed: 2945913460099142402, levelgen mode: deterministic

725 Kohma the Quickloader (level 8, -1/44 HPs)
             Began as a Kobold Hunter on Sept 30, 2019.
             Killed from afar by an orc wizard (7 damage)
             ... with a puff of flame
             ... on level 4 of the Dungeon.
             The game lasted 00:16:43 (5395 turns).

Kohma the Quickloader (Kobold Hunter)               Turns: 5395, Time: 00:16:43

Health: -1/44      AC:  9    Str:  9    XL:     8   Next: 2%
Magic:  8/8        EV: 13    Int: 12    God:
Gold:   137        SH:  0    Dex: 18    Spells: 7/7 levels left

rFire    . . .     SeeInvis .   b - +0 rapier
rCold    + . .     Gourm    .   u - +0 buckler
rNeg     + . .     Faith    .   x - +2 ring mail {rN+}
rPois    .         Spirit   .   (no helmet)
rElec    .         Reflect  +   p - +0 cloak
rCorr    .         Harm     .   C - +0 pair of gloves
MR       .....                  (no boots)
Stlth    +.........             o - +2 amulet of reflection
HPRegen  0.14/turn              A - ring of protection from cold
MPRegen  0.11/turn              (no ring)

@: confused
A: small, carnivore
a: no special abilities


You were on level 4 of the Dungeon.
You were completely stuffed.

You visited 1 branch of the dungeon, and saw 4 of its levels.

You collected 137 gold pieces.

Inventory:

Hand Weapons
 a - a +1 hand crossbow
 b - a +0 rapier (weapon)
Missiles
 d - 13 bolts
 q - a throwing net
 s - 109 stones (quivered)
 E - 14 poisoned darts
Armour
 p - a +0 cloak (worn)
 u - a +0 buckler (worn)
 x - a +2 ring mail of positive energy (worn)
 C - a +0 pair of gloves (worn)
Jewellery
 o - a +2 amulet of reflection (around neck)
 A - a ring of protection from cold (left hand)
Wands
 n - a wand of disintegration (17)
Scrolls
 e - 3 scrolls of remove curse
 k - a scroll of immolation
 l - a scroll of blinking
 w - 2 scrolls of identify
 y - a scroll of magic mapping {unknown}
 z - 3 scrolls of teleportation
Potions
 g - a potion of invisibility {unknown}
 h - a potion of mutation
 i - a potion of magic
 j - a potion of flight {unknown}
 m - a potion of heal wounds {unknown}
 r - 2 potions of berserk rage {unknown}
 t - a potion of agility {unknown}
 v - 2 potions of brilliance
 B - a potion of cancellation {unknown}
 D - a potion of curing
 G - a potion of resistance {unknown}
Comestibles
 c - 4 chunks of flesh
 f - 4 rations


   Skills:
 - Level 2.1 Fighting
 * Level 8.6 Crossbows
 - Level 3.5 Dodging
 + Level 5.8 Stealth
 + Level 2.5 Shields


You had 7 spell levels left.
You didn't know any spells.
Your spell library was empty.

Dungeon Overview and Level Annotations

Branches:
Dungeon (4/15)
 Temple: D:4-7

Altars:
Cheibriados

Annotations:
D:2 Robin


Innate Abilities, Weirdness & Mutations

You are small and have problems with some larger weapons.
You are carnivorous and can eat meat at any time.


Message History

You hit the orc wizard.
The orc wizard is almost dead.
The orc closely misses you. The orc wizard misses you.
You closely miss the orc wizard.
The orc wizard is almost dead.
You block the orc's attack. The orc wizard misses you.
You hit the orc wizard but do no damage.
The orc wizard is almost dead.
You block the orc's attack. The orc wizard casts a spell at you.
You are confused.
You miss the orc wizard.
The orc wizard is almost dead.
The orc wizard barely misses you. The orc closely misses you.
You bump into the stone wall.
The orc wizard completely misses you. The orc barely misses you.
You're too confused to move!
The orc wizard gestures at you while chanting.
The puff of flame hits you!
You die...

################# ####
#................ ...#
###...#..o#)..#...
^#.####....รท....@o......
.#...#..#...#...#...#...
...#.#.#................
.#.#.#.####################
.>...#.#.........# #......#
.....#.#.#######.# #......#
...........# #.# #......#
.........#.# ##.# #......##
.##.##..##.# #..# #..>....#


You could see an orc wizard and an orc.

Vanquished Creatures
  A phantom (D:4)
  2 ogres (D:4)
  A scorpion (D:4)
  A crimson imp (D:3)
  A hound (D:4)
  Crazy Yiuf (D:2)
  An orc priest (D:4)
  3 orc wizards
  A worker ant (D:4)
  4 gnolls
  6 adders
  4 worms
  A dart slug (D:4)
  2 leopard geckos
  13 orcs
  A ball python (D:2)
  3 giant cockroaches
  12 goblins
  5 hobgoblins (D:2)
  10 kobolds
  A quokka (D:4)
  6 bats
  10 frilled lizards
  5 rats
95 creatures vanquished.

Notes
Turn   | Place    | Note
-------+----------+-------------------------------------------
     0 | D:1      | Kohma the Kobold Hunter began the quest for the Orb.
     0 | D:1      | Reached XP level 1. HP: 12/12 MP: 1/1
    86 | D:1      | Reached skill level 5 in Crossbows
   142 | D:1      | Reached XP level 2. HP: 17/17 MP: 2/2
   717 | D:2      | Found a runed translucent door.
   718 | D:2      | Noticed Crazy Yiuf
   739 | D:2      | Killed Crazy Yiuf
   739 | D:2      | Reached XP level 3. HP: 3/21 MP: 0/3
  1056 | D:2      | Reached XP level 4. HP: 26/26 MP: 4/4
  1272 | D:2      | Found a snail-covered altar of Cheibriados.
  1389 | D:2      | Reached skill level 6 in Crossbows
  1633 | D:2      | Noticed Robin
  2129 | D:2      | Reached XP level 5. HP: 22/30 MP: 5/5
  3591 | D:3      | Reached XP level 6. HP: 27/35 MP: 6/6
  3826 | D:4      | Noticed an ogre
  3833 | D:4      | Killed an ogre
  3833 | D:4      | Reached skill level 7 in Crossbows
  3833 | D:4      | Reached skill level 1 in Shields
  4484 | D:3      | Reached XP level 7. HP: 37/40 MP: 7/7
  4630 | D:4      | Reached skill level 5 in Stealth
  4810 | D:4      | Reached skill level 8 in Crossbows
  5370 | D:4      | HP: 2/40 [orc wizard/+0 dagger (1)]
  5382 | D:4      | Reached XP level 8. HP: 11/44 MP: 8/8
  5395 | D:4      | Killed from afar by an orc wizard

Levels and vault maps discovered:
D:1:      dpeg_arrival_tiny_j, layout_loops_ring
D:2:      layout_loops_corners, cheibriados_altar_1, uniq_crazy_yiuf_cottage,
          uniq_robin
D:3:      layout_basic
D:4:      layout_basic, lemuel_coloured_pillars_altar

Skill      XL: |  1  2  3  4  5  6  7 |
---------------+----------------------+-----
Crossbows      | 5 6 7 8 |  8.6
Stealth        | 2 3 4 5 |  5.8
Dodging        | 3 |  3.5
Shields        | 1 2 |  2.5
Fighting       | |  2.1

Action                   |  1- 3 |  4- 6 |  7- 9 || total
-------------------------+-------+-------+-------++-------
Melee: Short sword       |       |   137 |       ||   137
       Rapier            |       |    51 |   117 ||   168
 Fire: Hand crossbow     |    31 |    84 |    14 ||   129
Throw: Throwing net      |       |     1 |       ||     1
  Use: Scroll            |       |     9 |       ||     9
       Potion            |       |     1 |     2 ||     3
 Stab: Sleeping          |       |       |     2 ||     2
  Eat: Chunk             |     8 |    11 |     4 ||    23
Armor: Leather armour    |       |    21 |       ||    21
       Ring mail         |       |    40 |    35 ||    75
Dodge: Dodged            |     5 |   164 |    83 ||   252
Block: Buckler           |       |    64 |    49 ||   113
       Reflection        |       |     1 |     2 ||     3

Table legend:
 A = Non-vault XP
 B = Vault XP
 C = Vault XP percentage of total XP
 D = Non-vault monster count
 E = Vault monster count
 F = Vault count percentage of total count
                 A         B        C        D         E       F
            +---------+---------+-------+---------+---------+-------
      Total |     980 |      57 |   5.5 |      86 |       9 |   9.5
            +---------+---------+-------+---------+---------+-------
        D:1 |      18 |       2 |  10.0 |      13 |       1 |   7.1
        D:2 |      78 |      55 |  41.4 |      22 |       8 |  26.7
        D:3 |     178 |       0 |   0.0 |      26 |       0 |   0.0
        D:4 |     706 |       0 |   0.0 |      25 |       0 |   0.0
            +---------+---------+-------+---------+---------+-------
